 Dungeon Crawl Stone Soup version 0.19.5 (webtiles) character file.

1857 RaHiT the Thaumaturge (level 8, -12/52 HPs)
             Began as a Mummy Conjurer on Apr 24, 2017.
             Mangled by a wight
             ... wielding a cursed +0 great sword
              (17 damage)
             ... on level 5 of the Dungeon.
             The game lasted 00:37:42 (6632 turns).

RaHiT the Thaumaturge (Mummy Conjurer)              Turns: 6632, Time: 00:37:43

Health: -12/52     AC:  4    Str: 11    XL:     8   Next: 89%
Magic:  23/29      EV: 12    Int: 17    God:
Gold:   207        SH:  0    Dex: 12    Spells: 4 memorised, 11 levels left

rFire  x . .     SeeInvis .     (no weapon)
rCold  + . .     Gourm    .     a - +0 robe
rNeg   + + +     Faith    .     (no shield)
rPois  ∞         Spirit   .     j - +0 helmet
rElec  .         Reflect  .     (no cloak)
rCorr  +         Harm     .     n - +0 pair of gloves
MR     +....                    (no boots)
Stlth  ++........               (no amulet)
                                w - ring of resist corrosion
                                g - ring of magical power

@: no status effects
A: no food or potions, fire vulnerability, cold resistance 1, negative energy
resistance 3, torment resistance, unbreathing
a: no special abilities


You were on level 5 of the Dungeon.
You were not hungry.

You visited 1 branch of the dungeon, and saw 6 of its levels.

You collected 207 gold pieces.

Inventory:

Hand Weapons
 r - a +1 flail of draining
 u - a +1 whip of freezing
Missiles
 c - 85 stones (quivered)
 i - 12 poisoned needles
 q - 22 sling bullets
Armour
 a - a +0 robe (worn)
 j - a +0 helmet (worn)
 n - a +0 pair of gloves (worn)
 v - a +2 buckler
Jewellery
 g - a ring of magical power (left hand)
 w - a ring of resist corrosion (right hand)
Wands
 h - a wand of acid (5/15)
 l - a wand of confusion (25/48)
Scrolls
 d - a scroll of fog
 e - 3 scrolls of remove curse
 k - a scroll of enchant armour
 m - a scroll of immolation
 p - a scroll of blinking {unknown}
 s - a scroll of recharging {unknown}
 t - a scroll of teleportation {unknown}
 x - a scroll of fear {unknown}
Books
 b - a book of Conjurations

   Spells                             Type                      Level
   a - Magic Dart                     Conjuration                  1
   b - Searing Ray                    Conjuration                  2
   c - Dazzling Spray                 Conjuration/Hexes            3
   d - Fulminant Prism                Conjuration/Hexes            4
   e - Iskenderun's Mystic Blast      Conjuration                  4
   f - Iskenderun's Battlesphere      Conjuration/Charms           5


   Skills:
 - Level 1.5 Dodging
 - Level 1.5 Stealth
 - Level 8.0 Spellcasting
 * Level 5.9 Conjurations
 - Level 4.0 Evocations


You had 11 spell levels left.
You knew the following spells:

 Your Spells              Type           Power        Failure   Level  Hunger
a - Magic Dart            Conj           ####         1%          1    N/A
b - Iskenderun's Mystic   Conj           ####....     10%         4    N/A
c - Iskenderun's Battles  Conj/Chrm      ###.....     82%         5    N/A
q - Searing Ray           Conj           ####..       1%          2    N/A

Dungeon Overview and Level Annotations

Branches:
Dungeon (6/15)
 Temple: D:4-7

Altars:
Ashenzari
Dithmenos
Fedhas
Kikubaaqudgha
The Shining One

Annotations:
D:5 Eustachio


Innate Abilities, Weirdness & Mutations

You do not eat or drink.
Your flesh is vulnerable to fire.
You are immune to poison.
Your flesh is cold resistant. (rC+)
You are immune to negative energy. (rN+++)
You are immune to unholy pain and torment.
You can survive without breathing.


Message History

You hear a loud clanging noise!
It was a scroll of noise.
You hear an angry hiss.
There is a stone staircase leading up here.
The wight hits you with a great sword.
You climb upwards.
Level annotation: Eustachio
There is a stone staircase leading down here.
Casting: Iskenderun's Mystic Blast
Confirm with . or Enter, or press ? or * to list all spells.
Aiming: Searing Ray
Press: ? - help, Shift-Dir - straight line, f - wight
Aim: a wight, wielding a great sword and wearing a robe (lightly damaged)
The searing ray hits the wight.
The wight is heavily damaged. (Press . to maintain the ray.)
The searing ray misses the wight.
The wight hits you with a great sword!
* * * LOW HITPOINT WARNING * * *
The wight hits you with a great sword!
You die...

#.###...##.#.# #..#
#.#...#......#####..####
#>#.#...##.#...........)
#.#.##[.............####
##.......##.#####.......#
#..#####.##.# #..#.##.#
#..# #.##.# #..#.##.#
#..# #z##.# #....##.#
#..# #@##.# #.....#.#
#..#####.##.# #.#.#.#.#
#........##.# #.......#
#.###.#####.# ###p#.###
#.# #.# #.# ##.#..# #.#
#.# #.#####.###.### #.#
#.# #...r..## ##..#
##.###.## #######.###.#.#
##...#...## ##.#..#.#


You could see a wight.

Vanquished Creatures
  Pikel (D:5)
  The ghost of EvilAshe the Slasher, an amateur HESk (D:5)
  A sky beast (D:6)
  2 slaves
  2 ogres (D:6)
  4 centaurs (D:5)
  A bullfrog (D:6)
  A wight (D:6)
  A crimson imp (D:6)
  3 hounds
  An orc priest (D:5)
  6 orc wizards
  An iguana (D:5)
  A worker ant (D:4)
  A killer bee zombie (D:5)
  A hound skeleton (D:6)
  4 gnolls (D:5)
  7 adders
  2 shadow imps
  An ooze (D:2)
  2 dart slugs (D:1)
  A worm (D:4)
  4 leopard geckos
  16 orcs
  A bat zombie (D:4)
  5 giant cockroaches
  6 goblins
  4 hobgoblins
  8 jackals
  A quokka (D:6)
  8 bats
  10 frilled lizards
  A jackal skeleton (D:4)
  7 kobolds
  5 rats
  2 rat zombies (D:4)
123 creatures vanquished.

Vanquished Creatures (others)
  A slave (D:5)
1 creature vanquished.

Grand Total: 124 creatures vanquished

Notes
Turn   | Place    | Note
-------+----------+-------------------------------------------
     0 | D:1      | RaHiT the Mummy Conjurer began the quest for the Orb.
     0 | D:1      | Reached XP level 1. HP: 13/13 MP: 3/3
   406 | D:1      | Reached XP level 2. HP: 19/19 MP: 3/5
   410 | D:1      | Learned a level 2 spell: Searing Ray
   857 | D:1      | Reached skill level 3 in Spellcasting
  1298 | D:2      | Found a shattered altar of Ashenzari.
  1306 | D:2      | Reached XP level 3. HP: 24/24 MP: 7/7
  1736 | D:2      | Found a shadowy altar of Dithmenos.
  1858 | D:2      | Found a faded altar of an unknown god.
  1858 | D:2      | Found a faded altar of an unknown god.
  1863 | D:2      | Found a glowing golden altar of the Shining One.
  1865 | D:2      | Found a faded altar of an unknown god.
  1867 | D:2      | Found a faded altar of an unknown god.
  2471 | D:3      | Reached skill level 4 in Spellcasting
  2471 | D:3      | Reached XP level 4. HP: 28/30 MP: 7/10
  2865 | D:4      | Found a blossoming altar of Fedhas.
  3265 | D:4      | Reached skill level 5 in Spellcasting
  3265 | D:4      | Reached XP level 5. HP: 31/35 MP: 6/12
  3271 | D:4      | Learned a level 4 spell: Iskenderun's Mystic Blast
  3649 | D:4      | Found an ancient bone altar of Kikubaaqudgha.
  3800 | D:4      | Learned a level 5 spell: Iskenderun's Battlesphere
  3802 | D:5      | Entered Level 5 of the Dungeon
  3850 | D:5      | Noticed a centaur
  3856 | D:5      | Killed a centaur
  3856 | D:5      | Reached XP level 6. HP: 13/41 MP: 13/13
  4199 | D:5      | Reached skill level 5 in Conjurations
  4202 | D:5      | Noticed a slave
  4203 | D:5      | Noticed a slave
  4220 | D:5      | Noticed a sky beast
  4520 | D:4      | Killed a slave
  4683 | D:5      | Reached skill level 1 in Evocations
  4690 | D:5      | Reached XP level 7. HP: 17/46 MP: 7/14
  4962 | D:5      | Noticed EvilAshe's ghost (amateur HESk)
  5041 | D:5      | Killed EvilAshe's ghost
  5217 | D:5      | Noticed Pikel
  5236 | D:5      | Killed Pikel
  5236 | D:5      | Reached skill level 6 in Spellcasting
  5236 | D:5      | Reached XP level 8. HP: 5/52 MP: 6/17
  5742 | D:5      | Noticed Eustachio
  6064 | D:6      | Reached skill level 7 in Spellcasting
  6341 | D:6      | Reached skill level 8 in Spellcasting
  6632 | D:5      | Mangled by a wight

Skill      XL: |  1  2  3  4  5  6  7  8 |
---------------+-------------------------+-----
Spellcasting   | 3 4 5 6 8 |  8.0
Conjurations   | 4 5 |  5.9
Evocations     | 1 3 4 |  4.0
Dodging        | |  1.5
Stealth        | |  1.5

Action                   |  1- 3 |  4- 6 |  7- 9 || total
-------------------------+-------+-------+-------++-------
Melee: Unarmed           |    14 |       |       ||    14
Throw: Stone             |     4 |       |       ||     4
 Cast: Magic Dart        |    77 |    28 |    16 ||   121
       Searing Ray       |     9 |    25 |    41 ||    75
       Iskenderun's Myst |       |       |     1 ||     1
  Use: Scroll            |       |     2 |     5 ||     7
 Stab: Sleeping          |     1 |       |       ||     1
Armor: Robe              |     7 |     6 |    13 ||    26
Dodge: Dodged            |    14 |    32 |    49 ||    95
